 Dungeon Crawl Stone Soup version 0.21.1-1-g345015fe64 (webtiles) character file.

163 kakarotto the Chopper (level 5, -6/46 HPs)
             Began as a Hill Orc Fighter on July 1, 2018.
             Was a Follower of Cheibriados.
             Mangled by an ogre
             ... wielding a +0 giant spiked club
              (14 damage)
             ... on level 4 of the Dungeon.
             The game lasted 00:38:36 (2839 turns).

kakarotto the Chopper (Hill Orc Fighter)            Turns: 2839, Time: 00:38:36

Health: -6/46      AC: 11    Str: 22    XL:     5   Next: 44%
Magic:  6/6        EV:  5    Int: 10    God:    Cheibriados [*.....]
Gold:   210        SH: 10    Dex: 12    Spells: 4/4 levels left

rFire    . . .     SeeInvis .   a - +2 war axe
rCold    . . .     Gourm    .   c - +0 shield
rNeg     . . .     Faith    .   L - +1 chain mail
rPois    .         Spirit   .   (no helmet)
rElec    .         Reflect  .   (no cloak)
rCorr    .         Harm     .   i - +0 pair of gloves
MR       .....                  (no boots)
Stlth    ..........             (no amulet)
HPRegen  0.15/turn              (no ring)
MPRegen  0.10/turn              (no ring)

@: about to teleport, very slow
A: no striking features
a: Bend Time, Renounce Religion


You were on level 4 of the Dungeon.
You worshipped Cheibriados.
Cheibriados was aware of your devotion.
You were not hungry.

You visited 1 branch of the dungeon, and saw 4 of its levels.

You collected 210 gold pieces.

Inventory:

Hand Weapons
 a - a +2 war axe (weapon)
 m - a +0 short sword
 r - a +0 dagger
 u - a +0 dagger
 y - a +0 club
 z - a +0 club
 B - a +0 club
 C - a +0 dagger
 D - a cursed +0 club
 F - a +0 flail
 H - a +0 spear
 I - a +0 club
 J - a +0 club
 K - a +0 falchion
 N - a +0 mace
 O - a +0 shortbow
 P - a +0 war axe
 R - a +0 dagger
 S - a +0 hand axe
 U - a +0 trident
Missiles
 j - 75 arrows
 n - 92 stones (quivered)
 o - 72 sling bullets
 A - 15 bolts
Armour
 b - a +0 scale mail
 c - a +0 shield (worn)
 g - a +0 leather armour
 h - a +0 robe
 i - a +0 pair of gloves (worn)
 t - a cursed -2 ring mail
 E - a +0 robe
 L - a +1 chain mail (worn)
 Q - a +0 chain mail
Jewellery
 w - an uncursed ring of flight
Scrolls
 e - 3 scrolls of identify
 k - a scroll of immolation
 q - 2 scrolls of remove curse
Potions
 d - 2 potions of might
 l - a potion of degeneration {unknown}
 p - a potion of lignification {unknown}
 s - a potion of heal wounds {unknown}
 x - 3 potions of curing {unknown}
 G - a potion of flight {unknown}
 M - a potion of agility {unknown}
 V - a potion of magic {unknown}
Books
 W - a book of Misfortune

   Spells                             Type                      Level
   a - Confusing Touch                Hexes                        1
   b - Confuse                        Hexes                        3
   c - Gell's Gravitas                Translocation                3
   d - Petrify                        Transmutation/Earth          4
   e - Metabolic Englaciation         Hexes/Ice                    5
   f - Yara's Violent Unravelling     Hexes/Transmutation          5
Comestibles
 f - 3 rations
 v - 2 chunks of flesh


   Skills:
 + Level 4.2 Fighting
 + Level 4.5 Axes
 + Level 0.6 Throwing
 + Level 4.2 Armour
 + Level 4.1 Shields
 * Level 1.7 Invocations


You had 4 spell levels left.
You didn't know any spells.

Dungeon Overview and Level Annotations

Branches:
Dungeon (4/15)
 Temple: D:4-7

Altars:
Cheibriados
Makhleb

Annotations:
D:1 exit


Message History

You slash the worker ant!
The worker ant is almost dead.
You block the worker ant's attack.
The worker ant bites you but does no damage.
The worker ant waves its antennae.
The ogre hits you with a giant spiked club!
There is a stone staircase leading down, spattered with blood here.
You can't go up here!
You can't go up here!
You can't go up here!
You can't go up here!
The worker ant waves its antennae.
The ogre hits you but does no damage.
The ogre hits you with a giant spiked club!
* * * LOW HITPOINT WARNING * * *
As you read the scroll of teleportation, it crumbles to dust.
You feel strangely unstable. You block the ogre's attack.
You eat one of the 4 rations.
That ration really hit the spot!
The ogre hits you with a giant spiked club!
You die...

..........###.# #.#
##..[#####.#.####.##
#...# ##..###...## ......
##.##.....#####
......######.#..........#
##..................###.#
####.######.###......#.#
.# #>####...#...#
#..aO@..###..#
#######.†#...# ##...#.#
##..#.### ....#...#
.###.###.# . #.# #.# #.#
#.# ..# #.#


You could see an ogre and a worker ant.

Vanquished Creatures
  Jessica (D:3)
  3 gnolls (D:3)
  2 adders
  An ooze (D:3)
  An adder skeleton (D:4)
  2 worms
  3 dart slugs
  2 leopard geckos
  4 orcs (D:3)
  9 bats
  4 giant cockroaches
  8 goblins
  7 hobgoblins
  3 jackals (D:3)
  3 quokkas
  A ball python (D:3)
  5 frilled lizards
  3 kobolds
  5 rats
67 creatures vanquished.

Notes
Turn   | Place    | Note
-------+----------+-------------------------------------------
     0 | D:1      | kakarotto the Hill Orc Fighter began the quest for the Orb.
     0 | D:1      | Reached XP level 1. HP: 19/19 MP: 1/1
   172 | D:1      | Reached XP level 2. HP: 25/27 MP: 2/2
   864 | D:2      | Reached XP level 3. HP: 28/33 MP: 3/3
  1618 | D:2      | Found a snail-covered altar of Cheibriados.
  1668 | D:2      | Reached XP level 4. HP: 38/40 MP: 4/4
  1812 | D:2      | Became a worshipper of Cheibriados the Contemplative
  2046 | D:3      | Noticed Jessica
  2052 | D:3      | Killed Jessica
  2196 | D:3      | Reached skill level 1 in Invocations
  2209 | D:3      | Reached XP level 5. HP: 43/46 MP: 5/5
  2331 | D:3      | Found a burning altar of Makhleb.
  2470 | D:3      | Reached * piety under Cheibriados
  2811 | D:4      | Noticed an ogre
  2839 | D:4      | Mangled by an ogre

Skill      XL: |  1  2  3  4 |
---------------+-------------+-----
Axes           | 3 4 |  4.5
Fighting       | 4 |  4.2
Shields        | 4 |  4.1
Invocations    | 1 |  1.7
Armour         | 4 |  4.2
Throwing       | |  0.6

Action                   |  1- 3 |  4- 6 || total
-------------------------+-------+-------++-------
Melee: War axe           |   130 |   105 ||   235
Throw: Stone             |    56 |       ||    56
  Use: Scroll            |     6 |     4 ||    10
  Eat: Chunk             |     1 |     2 ||     3
       Ration            |     1 |     1 ||     2
Armor: Scale mail        |   103 |    23 ||   126
       Chain mail        |       |    39 ||    39
Dodge: Dodged            |    54 |    36 ||    90
Block: Shield            |    94 |    76 ||   170
